 Dungeon Crawl Stone Soup version 0.25.0-9-g26727b657a (webtiles) character file.

Game seed: 11306870986777043705

2718 protoss039 the Thaumaturge (level 9, 0/46 HPs)
             Began as a Deep Elf Air Elementalist on June 18, 2020.
             Was a Follower of Vehumet.
             Slain by a hog (8 damage)
             ... on level 8 of the Dungeon on June 19, 2020.
             The game lasted 00:27:00 (8944 turns).

protoss039 the Thaumaturge (DEAE)                   Turns: 8944, Time: 00:27:00

Health: 0/46       AC:  4    Str:  5    XL:     9   Next: 39%
Magic:  10/28      EV: 13    Int: 24    God:    Vehumet [*.....]
Gold:   333        SH:  5    Dex: 15    Spells: 19/34 levels left

rFire    . . .     SeeInvis .   h - +1 short sword
rCold    . . .     Gourm    .   (no shield)
rNeg     . . .     Faith    .   a - +0 robe
rPois    +         Spirit   .   (no helmet)
rElec    .         Reflect  +   d - +0 cloak
rCorr    +         Harm     .   i - +0 pair of gloves
MR       .....                  (no boots)
Stlth    ++........             q - amulet of reflection
HPRegen  0.15/turn              b - ring of poison resistance
MPRegen  0.21/turn              y - ring of resist corrosion

@: very slightly contaminated
A: no striking features
a: Renounce Religion


You were on level 8 of the Dungeon.
You worshipped Vehumet.
Vehumet was aware of your devotion.
You were hungry.

You visited 2 branches of the dungeon, and saw 9 of its levels.

You collected 333 gold pieces.

Inventory:

Hand Weapons
 h - a +1 short sword (weapon)
Armour
 a - a +0 robe (worn)
 d - a +0 cloak (worn)
 i - a +0 pair of gloves (worn)
Jewellery
 b - a ring of poison resistance (left hand)
 q - an amulet of reflection (around neck)
 y - a ring of resist corrosion (right hand)
Wands
 s - a wand of paralysis (7)
 v - a wand of random effects (26)
 A - a wand of disintegration (11)
 D - a wand of iceblast (13)
 G - a wand of polymorph (10)
Scrolls
 e - 3 scrolls of enchant weapon
 f - 4 scrolls of amnesia
 g - 4 scrolls of teleportation
 k - a scroll of fog
 m - a scroll of identify
 n - 8 scrolls of remove curse
 r - 2 scrolls of fear
Potions
 j - a potion of stabbing
 l - 4 potions of might
 p - 2 potions of ambrosia
 u - a potion of haste
 w - 3 potions of curing
 x - 2 potions of flight
 B - a potion of invisibility
 C - a potion of mutation
 F - 2 potions of degeneration {unknown}
Miscellaneous
 t - a phantom mirror
Comestibles
 c - 14 rations


   Skills:
 + Level 0.6 Fighting
 + Level 0.3 Short Blades
 - Level 2.4 Dodging
 - Level 2.4 Stealth
 * Level 13.1 Spellcasting
 + Level 4.3 Conjurations
 + Level 7.3 Air Magic


You had 19 spell levels left.
You knew the following spells:

 Your Spells              Type           Power        Failure   Level  Hunger
a - Shock                 Conj/Air       ####         1%          1    None
b - Swiftness             Chrm/Air       ####....     1%          2    None
c - Static Discharge      Conj/Air       #####...     1%          3    None
d - Airstrike             Air            ######....   1%          4    None
e - Lightning Bolt        Conj/Air       #####.....   10%         5    ###....

Your spell library contained the following spells:

 Spells                   Type           Power        Failure   Level  Hunger
 Magic Dart               Conj           ####         1%          1    None
 Animate Skeleton         Necr           N/A          3%          1    None
 Corona                   Hex            ###....      3%          1    None
 Pain                     Necr           ###.         3%          1    None
 Summon Small Mammal      Summ           ###.         3%          1    None
 Call Imp                 Summ           ###.....     6%          2    None
 Slow                     Hex            ###.....     6%          2    None
 Summon Lightning Spire   Summ/Air       ####....     9%          4    None
 Call Canine Familiar     Summ           ###.....     12%         3    None
 Inner Flame              Hex/Fire       ###.....     12%         3    None
 Portal Projectile        Hex/Tloc       ###...       12%         3    None
 Summon Guardian Golem    Hex/Summ       ###.....     12%         3    None
 Vampiric Draining        Necr           ###.......   12%         3    None
 Animate Dead             Necr           N/A          36%         4    None
 Cause Fear               Hex            ###.......   36%         4    None
 Leda's Liquefaction      Hex/Erth       ###.......   36%         4    None
 Summon Ice Beast         Ice/Summ       ###.....     36%         4    None
 Agony                    Necr           ###.....     71%         5    ###....


Dungeon Overview and Level Annotations

Branches:
Dungeon (8/15)             Temple (1/1) D:6
   Lair: D:8-11

Altars:
Elyvilon
Gozag
Hepliaklqana
Makhleb
Nemelex Xobeh
Qazlal
Sif Muna
Uskayaw
Vehumet
Wu Jian
Xom
The Shining One

Annotations:
D:3 1 runed translucent door, VeryBadPlayer's ghost, amateur DsWz
D:4 2 transporters, Rastanax's ghost, amateur MiFi


Message History

Aiming: Shock (safe; 1% risk of failure)
Press: ? - help, Shift-Dir - straight line The zap hits the hog.
The hog is heavily wounded.
The zap misses the bullfrog.
The zap misses the human.
The zap hits the hog!
The hog is moderately wounded.
The zap hits the hog!
The hog is moderately wounded.
The zap hits the hog.
The hog is moderately wounded.
The hog bites you!
* * * LOW HITPOINT WARNING * * *
Unknown command.
Unknown command.
The hog closely misses you.
There is a stone staircase leading up here.
Unknown command.
Unknown command.
The hog bites you!
You die...

#†.#..#........
#..'..#..h.....
#%.#..#.Z......
#$%#..#h#####.#
#######.# #
#..hp# ###.##
#########.#


#@hF.p.hhZ# ########### You could see 3 hogs, a human and a bullfrog.

Vanquished Creatures
  A yak (D:8)
  A hungry ghost (D:7)
  Duvessa (D:4)
  An orc warrior (D:6)
  A sky beast (D:7)
  An ice beast (D:7)
  2 phantoms
  A necrophage (D:7)
  4 ogres
  A centaur (D:6)
  Blork the orc (D:5)
  2 bullfrogs (D:7)
  Dowan (D:4)
  2 scorpions
  4 howler monkeys
  3 crimson imps
  A quasit (D:7)
  5 hounds
  2 orc priests
  3 centaur skeletons
  A bullfrog skeleton (D:6)
  4 orc wizards
  3 worker ants
  A killer bee zombie (D:4)
  A hound zombie (D:6)
  A worker ant zombie (D:7)
  A gnoll (D:5)
  5 adders
  A shadow imp (D:5)
  2 oozes
  3 worms
  3 dart slugs
  6 leopard geckos
  27 orcs
  8 bats
  2 giant cockroaches
  11 hobgoblins
  10 jackals
  2 quokkas
  5 ball pythons
  8 frilled lizards
  5 goblins
  A jackal skeleton (D:7)
  7 kobolds
  9 rats
165 creatures vanquished.

Notes
Turn   | Place    | Note
-------+----------+-------------------------------------------
     0 | D:1      | protoss039 the Deep Elf Air Elementalist began the quest
                  | for the Orb.
     0 | D:1      | Reached XP level 1. HP: 10/10 MP: 6/6
   463 | D:1      | Reached XP level 2. HP: 15/15 MP: 5/8
   812 | D:1      | Learned a level 2 spell: Swiftness
   999 | D:1      | Reached skill level 4 in Spellcasting
  1331 | D:1      | Reached XP level 3. HP: 19/19 MP: 6/10
  1886 | D:2      | Reached skill level 5 in Spellcasting
  1886 | D:2      | Reached XP level 4. HP: 5/24 MP: 2/13
  2308 | D:2      | Learned a level 3 spell: Static Discharge
  2410 | D:2      | Reached XP level 5. HP: 28/28 MP: 6/15
  2412 | D:2      | Reached skill level 6 in Spellcasting
  3524 | D:3      | Found a runed translucent door.
  3525 | D:3      | Noticed VeryBadPlayer's ghost (amateur DsWz)
  3619 | D:4      | Found a transporter.
  3625 | D:4      | Found a transporter.
  3625 | D:4      | Noticed Rastanax's ghost (amateur MiFi)
  3626 | D:4      | Noticed an ogre
  3627 | D:4      | Noticed an ogre
  3637 | D:4      | Noticed an ogre
  3657 | D:4      | Learned a level 4 spell: Airstrike
  3665 | D:4      | Killed an ogre
  3665 | D:4      | Reached XP level 6. HP: 33/33 MP: 0/17
  3887 | D:4      | Reached skill level 7 in Spellcasting
  4415 | D:4      | Reached skill level 8 in Spellcasting
  4415 | D:4      | Reached XP level 7. HP: 24/37 MP: 0/20
  4778 | D:4      | Reached skill level 5 in Air Magic
  4851 | D:4      | Noticed Dowan
  4885 | D:4      | Noticed Duvessa
  4891 | D:4      | Killed Duvessa
  5178 | D:4      | Killed Dowan
  5178 | D:4      | Reached skill level 9 in Spellcasting
  5281 | D:5      | Entered Level 5 of the Dungeon
  5669 | D:5      | Noticed Blork the orc
  5672 | D:5      | Killed Blork the orc
  5677 | D:5      | Found a shimmering blue altar of Sif Muna.
  5909 | D:5      | Reached XP level 8. HP: 41/42 MP: 11/23
  6495 | D:6      | Reached skill level 10 in Spellcasting
  6541 | D:6      | Found a staircase to the Ecumenical Temple.
  6714 | D:6      | Found a stormy altar of Qazlal.
  7164 | Temple   | Entered the Ecumenical Temple
  7204 | Temple   | Became a worshipper of Vehumet
  7242 | D:7      | Reached skill level 11 in Spellcasting
  7310 | D:7      | Learned a level 5 spell: Lightning Bolt
  7798 | D:7      | Reached skill level 12 in Spellcasting
  7802 | D:7      | Reached XP level 9. HP: 46/46 MP: 10/27
  8262 | D:7      | Reached * piety under Vehumet
  8262 | D:7      | Offered knowledge of Magic Dart by Vehumet.
  8913 | D:8      | Reached skill level 13 in Spellcasting
  8944 | D:8      | Slain by a hog

Illustrated notes

Levels and vault maps discovered:
D:1:      roderic_chinese_lattice_arrival, layout_loops_ring, minmay_liquid_box,
          chequers_serial_rivers_micro_e, dk_noncrumbling_2, minivault_23,
          nrook_campfire, st_stairs_12
D:2:      layout_loops_ring
D:3:      layout_loops_ring, gammafunk_ghost_grave, minmay_checkerbox
D:4:      layout_loops_corners, gammafunk_ghost_smash, uniq_duvessa
D:5:      minmay_clustersquares, layout_loops_ring, first_ration, tgw_sif
D:6:      layout_cave_pods, nicolae_qazlal_general_emergency,
          minmay_temple_entry_slanted, minmay_circle_x
D:7:      layout_cave_pools
D:8:      layout_basic, grunt_livestock, minmay_nine_imps
Temple:   regret_index_temple_sigil_plot

Skill      XL: |  1  2  3  4  5  6  7  8  9 |
---------------+----------------------------+-----
Spellcasting   | 4 5 6 8 9 12 13 | 13.1
Air Magic      | 4 5 6 7 |  7.3
Conjurations   | 2 3 4 |  4.3
Fighting       | |  0.6
Short Blades   | |  0.3
Dodging        | |  2.4
Stealth        | |  2.4

Action                   |  1- 3 |  4- 6 |  7- 9 || total
-------------------------+-------+-------+-------++-------
Melee: Unarmed           |     2 |       |       ||     2
       Short sword       |     9 |     3 |       ||    12
 Cast: Shock             |    84 |   109 |    78 ||   271
       Swiftness         |     1 |       |       ||     1
       Static Discharge  |       |    13 |     7 ||    20
       Airstrike         |       |     3 |    69 ||    72
       Lightning Bolt    |       |       |     1 ||     1
  Use: Scroll            |       |       |    17 ||    17
       Potion            |       |       |     1 ||     1
 Stab: Sleeping          |     1 |       |       ||     1
  Eat: Chunk             |     2 |     9 |    14 ||    25
Armor: Robe              |     4 |     8 |     6 ||    18
Dodge: Dodged            |    29 |    24 |    32 ||    85
Block: Other             |       |       |    17 ||    17
       Reflection        |       |       |     1 ||     1
